AoeStats
← A Bá

Lombardia

508215775Analyzed
4v4 RM · 12d ago on Sep 21, 2026· 88m 9s· 8 players
Game mode
Random Map
Map size
Large (8 player)
Population
200
Speed
Normal
Resources
Standard
Victory
Conquest
Starting age
Dark Age
Ending age
Imperial Age
RankedLock teamsTeams togetherTeam positionsShared explorationLock speedFull tech treeHidden civsTurbo modeCheats
Victory
Defeat
🇹🇼 Mongols · Taiwan
1263
+14
🇹🇼 Persians · Taiwan
1246
+15
🇰🇬 Hindustanis · Kyrgyzstan
1233
+15
🇭🇷 Maya · Croatia
1168
+18
🇨🇳 Burgundians · China
1236
-16
🇦🇺 Sicilians · Australia
1218
-16
🇯🇵 Cumans · Japan
1213
-15
🇻🇳 Vietnamese · Vietnam
1212
-15
168kcal
7:40 Loom
10:04 Feudal Age
11:09 Double-Bit Axe
18:00 Castle Age
16:43 Horse Collar
16:54 Gold Mining
17:38 Stone Mining
19:53 Fletching
23:49 Bow Saw
26:10 Wheelbarrow
25:45 Heavy Plow
26:16 Town Watch
28:26 Bodkin Arrow
28:32 Padded Archer Armor
30:00 Ballistics
30:47 Leather Archer Armor
32:58 Thumb Ring
37:31 Imperial Age
35:21 Hand Cart
35:37 Steppe Husbandry
36:49 Town Patrol
36:13 Elite Skirmisher
37:49 Bloodlines
39:22 Conscription
39:12 Cuman Mercenaries
39:52 Ring Archer Armor
40:29 Chemistry
40:44 Two-Man Saw
40:20 Parthian Tactics
40:26 Imperial Skirmisher
41:07 Heavy Cavalry Archer
43:27 Light Cavalry
44:17 Scale Barding Armor
44:24 Forging
47:30 Chain Barding Armor
46:37 Hussar
49:40 Plate Barding Armor
49:40 Iron Casting
50:03 Masonry
49:50 Murder Holes
50:27 Crop Rotation
50:34 Gold Shaft Mining
60:35 Hoardings
76:24 Caravan
87:03 Guilds
87:28 Coinage
Súc Vật Du Phong
10:00 Feudal Age
10:18 Loom
13:06 Scale Barding Armor
13:12 Forging
13:12 Double-Bit Axe
13:32 Horse Collar
20:19 Castle Age
22:26 Wheelbarrow
23:27 Bow Saw
23:19 Heavy Plow
26:14 Hand Cart
26:36 Stone Mining
27:12 Gold Mining
29:24 Stone Shaft Mining
31:25 Padded Archer Armor
31:15 Fletching
34:27 Imperial Age
31:46 Treadmill Crane
34:06 Bodkin Arrow
34:27 Leather Archer Armor
35:04 Ballistics
36:54 Two-Man Saw
36:26 Crop Rotation
36:25 Bracer
36:55 Ring Archer Armor
37:28 Chemistry
36:30 Pikeman
37:12 Squires
37:50 Iron Casting
37:16 Scale Mail Armor
37:12 Elite Rattan Archer
37:45 Halberdier
39:09 Crossbowman
39:55 Thumb Ring
43:05 Chain Mail Armor
44:04 Paper Money
46:16 Plate Mail Armor
46:19 Arson
47:40 Caravan
49:02 Elite Skirmisher
52:19 Town Watch
54:33 Town Patrol
56:14 Chain Barding Armor
68:46 Bloodlines
67:59 Light Cavalry
68:45 Husbandry
71:47 Plate Barding Armor
A Bá
3:45 Loom
11:01 Feudal Age
12:02 Double-Bit Axe
16:18 Horse Collar
22:33 Castle Age
21:16 Gold Mining
21:16 Stone Mining
25:22 Wheelbarrow
24:59 Heavy Plow
25:10 Bow Saw
26:11 Pikeman
32:03 Hand Cart
32:36 Town Watch
35:34 Imperial Age
35:48 First Crusade
35:31 Squires
35:17 Arson
35:49 Scale Mail Armor
35:59 Forging
35:41 Fletching
35:39 Halberdier
37:00 Conscription
37:26 Chain Mail Armor
37:20 Arson
38:47 Town Patrol
39:18 Fervor
40:10 Plate Mail Armor
40:16 Iron Casting
40:47 Elite Serjeant
41:48 Bodkin Arrow
43:59 Blast Furnace
44:34 Caravan
44:09 Light Cavalry
49:02 Chemistry
47:47 Arrowslits
49:57 Bracer
50:19 Ballistics
50:07 Elite Skirmisher
50:57 Padded Archer Armor
51:27 Guilds
51:47 Coinage
52:52 Crop Rotation
57:09 Murder Holes
57:24 Masonry
61:35 Leather Archer Armor
63:04 Banking
75:17 Imperial Skirmisher
85:21 Husbandry
84:42 Cavalier
88:07 Hauberk
88:17 Bloodlines
xxxibgdrgn
1:21 Loom
11:49 Feudal Age
16:55 Castle Age
15:30 Double-Bit Axe
15:28 Horse Collar
22:15 Wheelbarrow
21:55 Bow Saw
22:12 Town Watch
22:45 Husbandry
23:04 Cavalier
25:40 Forging
26:21 Scale Barding Armor
27:51 Iron Casting
27:18 Gold Mining
28:08 Hand Cart
29:40 Chain Barding Armor
35:22 Imperial Age
34:20 Heavy Plow
35:23 Two-Man Saw
35:05 Gold Shaft Mining
34:21 Stone Mining
35:14 Scale Mail Armor
36:28 Crop Rotation
35:32 Paladin
37:29 Chain Mail Armor
38:15 Blast Furnace
36:39 Pikeman
37:24 Squires
37:10 Arson
37:19 Halberdier
40:18 Plate Mail Armor
41:56 Plate Barding Armor
44:10 Caravan
45:36 Stone Shaft Mining
47:58 Burgundian Vineyards
48:14 Conscription
62:26 Fortified Wall
63:16 Man-at-Arms
64:06 Long Swordsman
64:50 Two-Handed Swordsman
65:39 Champion
80:09 Light Cavalry
81:24 Hussar
82:34 Town Patrol
84:16 Capped Ram
ZhongliN
7:06 Loom
9:28 Feudal Age
12:54 Double-Bit Axe
14:37 Wheelbarrow
17:50 Castle Age
16:09 Horse Collar
18:05 Bloodlines
19:11 Fletching
19:45 Town Watch
21:16 Bow Saw
22:48 Bodkin Arrow
23:03 Forging
22:57 Heavy Plow
23:25 Padded Archer Armor
23:30 Husbandry
24:25 Leather Archer Armor
24:07 Gold Mining
27:36 Ballistics
28:21 Thumb Ring
33:41 Imperial Age
32:26 Scale Barding Armor
32:32 Forging
31:43 Light Cavalry
34:49 Hand Cart
34:40 Bracer
35:41 Chemistry
35:03 Conscription
35:27 Stone Mining
35:50 Murder Holes
37:39 Elite Mangudai
46:18 Hussar
48:50 Chain Barding Armor
49:05 Iron Casting
53:06 Gold Shaft Mining
57:57 Heavy Camel Rider
59:58 Blast Furnace
61:10 Caravan
63:24 Elite Skirmisher
69:31 Squires
74:03 Town Patrol
74:55 Drill
meditator27
9:44 Feudal Age
10:11 Double-Bit Axe
10:33 Loom
11:48 Horse Collar
19:46 Castle Age
20:33 Bow Saw
21:12 Wheelbarrow
20:39 Heavy Plow
25:18 Gold Mining
25:55 Hand Cart
27:56 Stone Mining
31:12 Imperial Age
30:08 Stone Shaft Mining
30:09 Gold Shaft Mining
29:49 Bloodlines
30:44 Forging
30:39 Scale Barding Armor
30:37 Husbandry
32:09 Conscription
35:00 Two-Man Saw
34:35 Crop Rotation
34:47 Elite War Elephant
36:18 Iron Casting
36:04 Chain Barding Armor
36:15 Light Cavalry
38:52 Citadels
38:13 Crossbowman
38:58 Thumb Ring
39:14 Kamandaran
41:55 Blast Furnace
41:32 Plate Barding Armor
40:47 Fletching
40:58 Padded Archer Armor
41:26 Ballistics
41:16 Masonry
42:07 Chemistry
42:37 Scale Mail Armor
42:19 Hussar
43:37 Architecture
44:39 Capped Ram
45:30 Bodkin Arrow
45:51 Leather Archer Armor
48:07 Ring Archer Armor
47:37 Siege Ram
49:41 Chain Mail Armor
50:48 Caravan
50:57 Elite Skirmisher
61:45 Cavalier
62:51 Savar
68:16 Town Watch
74:02 Town Patrol
75:04 Murder Holes
Filip_jede_Meso
0:27 Loom
11:23 Feudal Age
15:20 Castle Age
13:40 Double-Bit Axe
13:37 Horse Collar
25:10 Bow Saw
27:42 Wheelbarrow
26:52 Town Watch
26:59 Town Watch
27:23 Heavy Plow
29:04 Hand Cart
30:01 Guard Tower
30:08 Pikeman
31:25 Fortified Wall
31:19 Squires
32:52 Scale Mail Armor
33:03 Forging
33:16 Murder Holes
33:42 Ballistics
34:25 Chain Mail Armor
35:06 Iron Casting
36:40 Masonry
39:54 Imperial Age
37:49 Eagle Warrior
38:30 Squires
40:01 Fletching
40:11 Padded Archer Armor
40:42 Bodkin Arrow
40:10 Crossbowman
40:59 Thumb Ring
40:49 Arbalester
40:51 Halberdier
41:49 Leather Archer Armor
41:23 Capped Ram
42:30 Bracer
43:50 Blast Furnace
44:12 Keep
44:49 Architecture
45:56 Chemistry
47:02 Ring Archer Armor
46:24 Siege Ram
48:44 Hoardings
48:51 Plate Mail Armor
48:54 Conscription
50:06 Conscription
51:21 Onager
62:22 Elite Skirmisher
63:13 Hul'che Javelineers
67:25 Treadmill Crane
76:17 Caravan
French Connection
8:46 Loom
10:56 Feudal Age
15:26 Castle Age
14:50 Gold Mining
16:02 Wheelbarrow
15:31 Double-Bit Axe
16:30 Wheelbarrow
17:27 Stone Mining
22:01 Horse Collar
25:37 Fervor
31:42 Imperial Age
29:33 Hand Cart
30:17 Bow Saw
30:14 Scale Barding Armor
30:20 Bloodlines
30:44 Forging
31:29 Husbandry
31:52 Chain Barding Armor
31:51 Heavy Camel Rider
34:56 Plate Barding Armor
36:16 Gold Shaft Mining
36:24 Shatagni
37:16 Fletching
37:26 Padded Archer Armor
38:49 Chemistry
38:13 Ballistics
38:57 Chemistry
38:47 Iron Casting
39:00 Elite Skirmisher
40:40 Leather Archer Armor
40:21 Bodkin Arrow
40:24 Imperial Camel Rider
41:53 Conscription
42:30 Ring Archer Armor
47:19 Light Cavalry
47:57 Hussar
50:42 Bracer
51:43 Blast Furnace
54:15 Hussar
55:01 Caravan
60:23 Scale Mail Armor
68:37 Grand Trunk Road
81:07 Squires
80:53 Arson
81:46 Chain Mail Armor
81:08 Elite Ghulam
Connection lost

Rejoining the realm…

Still unreachable

The connection could not be restored.

Session expired

The server has moved on; the page needs a fresh start.